 Dungeon Crawl Stone Soup version 0.20-a0-270-g8e735b6 (webtiles) character file.

45042 AlphabetPasta the Impaler (level 14, -9/113 HPs)
             Began as a Merfolk Chaos Knight on Dec 10, 2016.
             Splashed by an acid blob's acid (13 damage)
             ... on level 1 of the Orcish Mines.
             The game lasted 01:20:41 (14612 turns).

AlphabetPasta the Impaler (Merfolk Chaos Knight)   Turns: 14612, Time: 01:20:49

Health: -9/113     AC: 14    Str: 23    XL:     14   Next: 31%
Magic:  21/21      EV: 17    Int: 11    God:    Xom [...*..]
Gold:   1361       SH:  3    Dex: 16    Spells: 13/13 levels left

rFire  + + .     SeeInvis .     a - +0 glaive
rCold  + . .     Gourm    .     A - +7 chain mail of Dice, Bag, and Bottle {rPois Str+4 Slay+3}
rNeg   . . .     Faith    .     (shield currently unavailable)
rPois  +         Spirit   .     (helmet restricted)
rElec  .         Reflect  +     k - +0 cloak {rF+}
rCorr  .         Harm     .     i - +0 pair of gloves
MR     +....                    n - +0 pair of boots
Stlth  ..........               R - +3 amulet of reflection
                                F - ring of protection from cold
                                B - ring "Xeusk" {rPois rF+ Str+4 Stlth+}

@: corroded
A: change form in water, swift swim, stealthy swim, horns 2, icy blue scales 1,
molten scales 1, shaggy fur 1
a: Renounce Religion


You were on level 1 of the Orcish Mines.
You worshipped Xom.
You were a favourite toy of Xom.
You were not hungry.

You visited 3 branches of the dungeon, and saw 18 of its levels.
You also visited: Ossuary and Volcano.

You collected 1426 gold pieces.
You spent 65 gold pieces at shops.

Inventory:

Hand Weapons
 a - a +0 glaive (weapon)
 b - a +3 trident
Armour
 i - a +0 pair of gloves (worn)
 k - a +0 cloak of fire resistance (worn)
 n - a +0 pair of boots (worn)
 y - a +0 cloak
 A - the +7 chain mail of Dice, Bag, and Bottle (worn) {rPois Str+4 Slay+3}
   (You took it off an orc on level 7 of the Dungeon)

   It affects your strength (+4).
   It affects your accuracy and damage with ranged weapons and melee attacks
   (+3).
   It protects you from poison.
Jewellery
 o - an uncursed ring of flight
 p - an uncursed ring of poison resistance
 r - an uncursed ring of ice
 B - the ring "Xeusk" (left hand) {rPois rF+ Str+4 Stlth+}
   (You found it on level 7 of the Dungeon)

   [ring of strength]

   It affects your strength (+4).
   It protects you from fire.
   It protects you from poison.
   It makes you more stealthy.
 F - a ring of protection from cold (right hand)
 J - an uncursed ring of protection from fire
 N - an uncursed ring of protection from magic
 R - a +3 amulet of reflection (around neck)
Wands
 e - a wand of paralysis (4/24)
 f - a wand of slowing (8/48)
 q - a wand of random effects (18/48)
 E - a wand of confusion (14/48)
 H - a wand of random effects (26/48)
 L - a wand of acid (10/15)
 M - a wand of slowing (32/48)
 T - a wand of iceblast (2/15)
Scrolls
 g - 7 scrolls of remove curse
 m - 4 scrolls of fog
 t - 3 scrolls of recharging
 u - a scroll of enchant weapon
 v - 2 scrolls of teleportation
 z - 4 scrolls of blinking
 G - 9 scrolls of identify
 I - a scroll of silence
 O - 2 scrolls of fear
Potions
 j - a potion of haste
 l - 4 potions of might
 s - 7 potions of curing
 w - 2 potions of flight
 x - a potion of magic
 K - 3 potions of brilliance
 P - 2 potions of berserk rage
 S - a potion of ambrosia
Miscellaneous
 h - a phantom mirror
Comestibles
 c - 15 bread rations
 d - 22 fruits
 C - 6 beef jerkies
 D - 6 slices of pizza
 Q - 3 meat rations
 U - 4 chunks of flesh


   Skills:
 + Level 11.4 Fighting
 + Level 18.2 Polearms
 + Level 7.9 Armour
 + Level 14.7 Dodging
 + Level 10.0 Evocations


You had 13 spell levels left.
You didn't know any spells.

Dungeon Overview and Level Annotations

Branches:
Dungeon (11/15)            Temple (0/1) D:7            Lair (6/6) D:11
  Swamp (0/4) Lair:3        Snake (0/4) Lair:3        Slime (0/5) Lair:6
    Orc (1/2) D:10

Altars:
Cheibriados
Elyvilon
Kikubaaqudgha
Makhleb
Okawaru
Qazlal
Ru
Sif Muna
Trog
Vehumet
Xom
Zin

Shops:
D:5 !

Annotations:
Lair:4 exclusion: 3 oklob plants


Innate Abilities, Weirdness & Mutations

You revert to your normal form in water.
You are very nimble and swift while swimming.
You are very stealthy in the water. (Stealth+)
You have a pair of horns on your head.
You are partially covered in icy blue scales. (AC +2)
You are partially covered in molten scales. (AC +2)
You are covered in fur. (AC +1)


Message History

* * * LOW HITPOINT WARNING * * *
The acid blob is heavily wounded.
The acid blob spits acid at you.
The splash of acid reflects off an invisible shield around you!
The splash of acid hits the acid blob.
The acid blob completely resists.
You barely miss the acid blob.
The acid blob is heavily wounded.
The acid blob hits you.
* * * LOW HITPOINT WARNING * * *
The acid corrodes you!
You are splashed with acid!
The acid burns!
* * * LOW HITPOINT WARNING * * *
You hit the acid blob.
Your hands burn!
* * * LOW HITPOINT WARNING * * *
The acid blob is heavily wounded.
The acid blob spits acid at you. The splash of acid hits you!
* * * LOW HITPOINT WARNING * * *
You are splashed with acid!
The acid burns!
You die...
Xom roars with laughter!

##........#.......##.#)#)...
#........##.........._)))..)
#........##>#.........[###..
####.....(..#..........†..###..
##.#.#.....(.##........##...###.
#.....#.......#..........#...#..
###....##.#...........#.)....###.
#..^....####...J.....#.......####
........#.##....@.$####........##
...........#......####...........
.)...............................
).)..............................
)).............#.................
)..#.#.......###.................
.####........# ##.........##.##..
.. #..........# .......$. ##....
...##..................... ##....


You could see an acid blob.

Vanquished Creatures
  An azure jelly (shapeshifter) (Lair:6)
  The ghost of ultrashaft the Severer, a journeyman DDFi of Makhleb (Lair:4)
  4 dire elephants (Lair:6)
  3 hydras
  A catoblepas (Lair:6)
  2 anacondas
  The ghost of Aviraven the Basher, a journeyman VSBe of Trog (D:8)
  A salamander mystic (Volcano)
  A hell knight (Volcano)
  2 salamanders (Volcano)
  An unseen horror (D:10)
  The ghost of AlphabetPasta the Chucker, a novice TrAM of Jiyva (D:6)
  A swamp dragon (Lair:6)
  An orc knight (Orc:1)
  15 elephants
  4 black mambas
  7 spiny frogs
  2 rime drakes
  5 komodo dragons
  A polar bear (Lair:6)
  A troll (D:11)
  Prince Ribbit (D:5)
  A hornet (D:10)
  2 two-headed ogres
  10 blink frogs
  4 hippogriffs
  A shadow (D:11)
  8 fire bats (Volcano)
  2 basilisks (Lair:4)
  27 yaks
  3 hogs (D:7)
  Eustachio (D:5)
  A hungry ghost (D:11)
  A steam dragon (D:9)
  A human (D:7)
  A spatial vortex (Lair:1)
  An acid dragon (D:4)
  A naga (Lair:3)
  4 porcupines
  A warg (Orc:1)
  14 water moccasins
  A swamp drake (D:10)
  6 sky beasts
  2 ice beasts
  8 orc warriors
  A black bear (D:8)
  A phantom (D:10)
  A necrophage (D:11)
  12 ogres
  7 centaurs
  9 wolves
  A big kobold (Lair:2)
  10 crocodiles
  16 bullfrogs
  Dowan (D:4)
  A wyvern skeleton (D:10)
  4 scorpions
  A killer bee (D:6)
  5 wights (D:10)
  2 vampire bats (D:9)
  3 howler monkeys
  4 electric eels (D:9)
  3 centaur zombies
  A crimson imp (D:11)
  6 lava snakes (Volcano)
  A bullfrog zombie (D:6)
  4 jellies
  A bullfrog skeleton (D:4)
  10 orc priests
  2 hounds (D:10)
  Jessica (D:2)
  2 iguanas
  18 orc wizards
  4 hell rats (Lair:2)
  7 worker ants
  A killer bee zombie (D:6)
  2 big kobold zombies (Ossuary)
  A hound zombie (D:6)
  3 hound skeletons
  4 mummies (Ossuary)
  3 howler monkey zombies
  A worker ant zombie (D:6)
  A howler monkey skeleton (D:11)
  11 adders
  A shadow imp (D:5)
  An ooze (D:1)
  5 adder skeletons
  3 adder zombies
  A worm (D:3)
  4 dart slugs (D:1)
  11 leopard geckos
  51 orcs
  A ball python (D:5)
  6 bats
  3 bat skeletons (D:9)
  3 bat zombies (D:9)
  9 giant cockroaches
  13 hobgoblins
  7 jackals
  2 kobolds
  4 frilled lizards
  3 goblins
  2 goblin zombies (Ossuary)
  2 hobgoblin zombies (Ossuary)
  2 leopard gecko skeletons
  An orc zombie (Ossuary)
  8 rats
  2 plants (Lair:6)
469 creatures vanquished.

Vanquished Creatures (collateral kills)
  A salamander (Volcano)
  An elephant (Lair:2)
  A fire bat (Volcano)
  A water moccasin (Lair:5)
  2 orcs
6 creatures vanquished.

Vanquished Creatures (others)
  A hound (D:7)
  A centaur skeleton (D:6)
  A bush (Lair:6)
  4 fungi
  8 plants
15 creatures vanquished.

Grand Total: 490 creatures vanquished

Notes
Turn   | Place    | Note
-------+----------+-------------------------------------------
     0 | D:1      | AlphabetPasta the Merfolk Chaos Knight began the quest for the Orb.
     0 | D:1      | Reached XP level 1. HP: 18/18 MP: 1/1
    66 | D:1      | Reached XP level 2. HP: 24/24 MP: 2/2
   101 | D:1      | Reached skill level 5 in Polearms
   120 | D:1      | Reached skill level 1 in Armour
   193 | D:1      | Reached XP level 3. HP: 19/29 MP: 3/3
   697 | D:1      | XOM: mild Tloc miscast
   712 | D:1      | XOM: mild Hex miscast
   808 | D:2      | Found a burning altar of Makhleb.
   989 | D:2      | Reached skill level 12 in Polearms
   989 | D:2      | Reached XP level 4. HP: 37/37 MP: 4/4
  1010 | D:2      | Noticed Jessica
  1013 | D:2      | XOM: cast spell 'Confusing Touch'
  1020 | D:2      | Killed Jessica
  1020 | D:2      | Reached XP level 5. HP: 42/42 MP: 5/5
  1112 | D:2      | Found a bloodstained altar of Trog.
  1114 | D:2      | Found a glowing silver altar of Zin.
  1305 | D:3      | Found a sacrificial altar of Ru.
  1331 | D:3      | Found a radiant altar of Vehumet.
  1504 | D:3      | XOM: god gift: leather armour {god gift}
  1745 | D:3      | Found a stormy altar of Qazlal.
  1860 | D:4      | XOM: stealth player
  1890 | D:4      | Noticed Duvessa
  1893 | D:4      | Noticed Dowan
  1905 | D:4      | Noticed Duvessa
  1905 | D:4      | Duvessa changed into Duvessa the acid dragon
  1967 | D:4      | Reached skill level 1 in Evocations
  2072 | D:4      | XOM: mild Conj miscast
  2109 | D:4      | XOM: 1-stop teleportation journey
  2119 | D:4      | XOM: summons friendly iron imp
  2132 | D:3      | Reached skill level 13 in Polearms
  2132 | D:3      | Reached XP level 6. HP: 4/48 MP: 6/6
  2191 | D:3      | XOM: god gift: 19 gold pieces
  2424 | D:5      | Entered Level 5 of the Dungeon
  2424 | D:5      | Noticed a sky beast
  2441 | D:5      | Killed a sky beast
  2555 | D:5      | Found Nuuvvana's Distillery.
  2555 | D:5      | XOM: 4-stop teleportation journey
  2686 | D:5      | Found a deep blue altar of Sif Muna.
  2738 | D:5      | Found a sand-covered staircase.
  2746 | Ossuary  | Entered an ossuary
  2801 | Ossuary  | XOM: god gift: broad axe {god gift}
  2814 | Ossuary  | Reached XP level 7. HP: 34/54 MP: 7/7
  2998 | Ossuary  | Gained mutation: You are partially covered in molten scales. (AC +2) [potion of mutation]
  2998 | Ossuary  | Gained mutation: Your mind is acute. (Int +2) [potion of mutation]
  3018 | Ossuary  | XOM: give mutation
  3018 | Ossuary  | Gained mutation: You can translocate small distances at will. [Xom's grace]
  3084 | D:5      | XOM: god gift: 31 gold pieces
  3204 | D:5      | Bought a potion of heal wounds for 65 gold pieces
  3264 | D:5      | XOM: harmless Pois miscast
  3284 | D:5      | Noticed Prince Ribbit
  3287 | D:5      | XOM: cast spell 'Statue Form'
  3296 | D:5      | Killed Prince Ribbit
  3349 | D:5      | Noticed a two-headed ogre
  3360 | D:5      | Killed a two-headed ogre
  3360 | D:5      | Reached XP level 8. HP: 61/61 MP: 9/9
  3379 | D:5      | Noticed Eustachio
  3393 | D:5      | Killed Eustachio
  3428 | D:6      | XOM: noise
  3549 | D:6      | Reached skill level 5 in Fighting
  3646 | D:6      | XOM: torment (32/62 hp)
  3661 | D:6      | HP: 2/62 [something (19)]
  4019 | D:4      | XOM: noise
  4047 | D:4      | XOM: scenery: 1 doors close
  4078 | D:4      | XOM: mild Necr miscast
  4095 | D:4      | Killed Duvessa the acid dragon
  4097 | D:4      | XOM: harmless Summ miscast
  4101 | D:4      | Killed Dowan
  4277 | D:4      | XOM: mild Hex miscast
  4294 | D:4      | Reached XP level 9. HP: 60/67 MP: 11/11
  4436 | D:4      | XOM: harmless Hex miscast
  4583 | D:6      | XOM: scenery: create altars
  4584 | D:6      | XOM: 4-stop teleportation journey
  4597 | D:6      | Noticed AlphabetPasta's ghost (novice TrAM)
  4952 | D:6      | Reached skill level 10 in Dodging
  4960 | D:6      | XOM: enchant monster (good)
  4964 | D:6      | Killed AlphabetPasta's ghost
  4964 | D:6      | Reached skill level 14 in Polearms
  5131 | D:6      | Found a shimmering altar of Xom.
  5133 | D:6      | XOM: scenery: 1 doors close
  5164 | D:6      | XOM: fog
  5305 | D:6      | XOM: god gift: 17 gold pieces
  5319 | D:6      | XOM: scenery: create altars
  5363 | D:6      | XOM: give mutations
  5363 | D:6      | Gained mutation: Your natural rate of healing is unusually fast. [Xom's grace]
  5363 | D:6      | Gained mutation: You have a pair of small horns on your head. [Xom's grace]
  5363 | D:6      | Gained mutation: You have a pair of horns on your head. [Xom's grace]
  5363 | D:6      | Gained mutation: You have a pair of large horns on your head. [Xom's grace]
  5521 | D:7      | XOM: summons friendly shadow imp
  5524 | D:7      | XOM: summons friendly ufetubus
  5558 | D:7      | Got an encrusted chain mail
  5569 | D:7      | Identified the +7 chain mail of Dice, Bag, and Bottle {rPois Str+4 Slay+3} (You took it off an orc on level 7 of the Dungeon)
  5617 | D:7      | XOM: scenery: create altars
  5645 | D:7      | Found a white marble altar of Elyvilon.
  5716 | D:7      | XOM: confuse monster(s)
  5718 | D:7      | Reached XP level 10. HP: 75/75 MP: 13/13
  5721 | D:7      | XOM: god gift: potion of curing
  5737 | D:7      | Got a twitching pewter ring
  5739 | D:7      | Identified the ring "Xeusk" {rPois rF+ Str+4 Stlth+} (You found it on level 7 of the Dungeon)
  5747 | D:7      | XOM: give mutation
  5747 | D:7      | Gained mutation: Your flesh is heat resistant. (rF+) [Xom's grace]
  5813 | D:7      | XOM: polymorph hog -> two-headed ogre
  5858 | D:7      | XOM: god gift: beef jerky
  5901 | D:7      | Found a staircase to the Ecumenical Temple.
  6122 | D:8      | Reached skill level 5 in Evocations
  6169 | D:8      | Noticed Aviraven's ghost (journeyman VSBe)
  6175 | D:8      | XOM: scenery: create altars
  6179 | D:8      | XOM: give mutations
  6179 | D:8      | Gained mutation: You are partially covered in slimy green scales. (AC +2) [Xom's grace]
  6179 | D:8      | Gained mutation: You possess an exceptional clarity of mind. [Xom's grace]
  6179 | D:8      | Gained mutation: Your mind is very acute. (Int +4) [Xom's grace]
  6179 | D:8      | Gained mutation: Your system is resistant to poisons. (rPois) [Xom's grace]
  6188 | D:8      | XOM: confuse monster(s)
  6190 | D:8      | Killed Aviraven's ghost
  6319 | D:8      | Found a snail-covered altar of Cheibriados.
  6858 | D:9      | XOM: fake destruction
  6878 | D:8      | XOM: divination: detect creatures
  6886 | D:8      | XOM: enchant monster (good)
  7006 | D:8      | Reached skill level 15 in Polearms
  7006 | D:8      | Reached XP level 11. HP: 72/83 MP: 15/15
  7189 | D:9      | XOM: enchant monster (bad)
  7307 | D:9      | XOM: destruction
  7310 | D:9      | XOM: blink monster(s)
  7376 | D:9      | XOM: give mutations
  7376 | D:9      | Lost mutation: Your mind is very acute. (Int +4) [Xom's mischief]
  7376 | D:9      | Lost mutation: Your system is resistant to poisons. (rPois) [Xom's mischief]
  7384 | D:9      | XOM: swap monsters
  7522 | D:9      | Found an ancient bone altar of Kikubaaqudgha.
  7673 | D:10     | Entered Level 10 of the Dungeon
  8057 | D:10     | Found a staircase to the Orcish Mines.
  8171 | D:10     | Killed an unseen horror
  8245 | D:10     | XOM: give mutations
  8245 | D:10     | Lost mutation: Your mind is acute. (Int +2) [Xom's mischief]
  8245 | D:10     | Lost mutation: You have a pair of large horns on your head. [Xom's mischief]
  8245 | D:10     | Gained mutation: You are weak. (Str -2) [Xom's mischief]
  8534 | D:11     | XOM: cleaving
  8537 | D:11     | XOM: blink monster(s)
  8587 | D:11     | XOM: silly message
  8661 | D:11     | XOM: summons friendly shadow imp
  8896 | D:11     | XOM: harmless Erth miscast
  8899 | D:11     | Reached skill level 5 in Armour
  8929 | D:11     | Found a staircase to the Lair.
  9063 | D:11     | XOM: divination: detect items
  9066 | D:11     | XOM: noise
  9149 | Lair:1   | Entered Level 1 of the Lair of Beasts
  9150 | Lair:1   | XOM: repel stairs
  9195 | Lair:1   | XOM: harmless Conj miscast
  9228 | Lair:1   | XOM: polymorph yak -> rime drake
  9254 | Lair:1   | XOM: draining
  9331 | Lair:1   | Reached skill level 16 in Polearms
  9382 | Lair:1   | XOM: summons 5 hostile demons
  9470 | Lair:1   | XOM: medium Necr miscast
  9558 | Lair:1   | XOM: summons 1 hostile shadow creature
  9591 | Lair:1   | Reached XP level 12. HP: 36/93 MP: 17/17
  9615 | Lair:1   | XOM: summons 1 hostile shadow creature
  9661 | Lair:1   | Lost mutation: You can translocate small distances at will. [potion of cure mutation]
  9661 | Lair:1   | Lost mutation: Your natural rate of healing is unusually fast. [potion of cure mutation]
  9661 | Lair:1   | Lost mutation: You are weak. (Str -2) [potion of cure mutation]
  9661 | Lair:1   | Lost mutation: Your flesh is heat resistant. (rF+) [potion of cure mutation]
  9661 | Lair:1   | Lost mutation: You possess an exceptional clarity of mind. [potion of cure mutation]
  9661 | Lair:1   | Lost mutation: You are partially covered in slimy green scales. (AC +2) [potion of cure mutation]
  9849 | Lair:2   | XOM: enchant monster (good)
  9854 | Lair:2   | XOM: enchant monster (good)
  9856 | Lair:2   | XOM: enchant monster (good)
  9996 | Lair:2   | Noticed a seven-headed hydra
 10007 | Lair:2   | Killed a seven-headed hydra
 10051 | Lair:2   | XOM: scenery: create altars
 10060 | Lair:2   | XOM: give mutations
 10060 | Lair:2   | Gained mutation: You are covered in fur. (AC +1) [Xom's grace]
 10060 | Lair:2   | Gained mutation: You are partially covered in icy blue scales. (AC +2) [Xom's grace]
 10078 | Lair:2   | XOM: polymorph wolf -> big kobold
 10163 | Lair:2   | XOM: polymorph crocodile -> blink frog
 10282 | Lair:2   | XOM: harmless Tloc miscast
 10305 | Lair:2   | XOM: summons 3 hostile demons
 10407 | Lair:2   | XOM: mild Air miscast
 10496 | Lair:3   | Found a staircase to the Swamp.
 10634 | Lair:3   | XOM: mild Tloc miscast
 10634 | Lair:3   | XOM: smoke on damage
 10862 | Lair:3   | XOM: summons 3 hostile shadow creatures
 10922 | Lair:3   | Found a staircase to the Snake Pit.
 11017 | Lair:3   | XOM: smoke on damage
 11017 | Lair:3   | XOM: torment (37/95 hp)
 11254 | Lair:4   | Noticed a five-headed hydra
 11338 | Lair:4   | Found a dark tunnel.
 11351 | Volcano  | Entered a volcano
 11427 | Volcano  | XOM: polymorph fire bat -> sky beast
 11486 | Volcano  | Reached XP level 13. HP: 59/102 MP: 19/19
 11503 | Volcano  | Reached skill level 10 in Fighting
 11522 | Volcano  | Found a radiant altar of Vehumet.
 11652 | Lair:4   | XOM: cloud trail
 11786 | Lair:4   | XOM: harmless Necr miscast
 11809 | Lair:4   | Reached skill level 17 in Polearms
 11891 | Lair:4   | XOM: scenery: create altars
 11893 | Lair:4   | XOM: cloud trail
 12058 | Lair:4   | Noticed ultrashaft's ghost (journeyman DDFi)
 12060 | Lair:4   | XOM: summons friendly crimson imp
 12061 | Lair:4   | XOM: divination: detect creatures
 12071 | Lair:4   | Killed ultrashaft's ghost
 12093 | Lair:5   | XOM: 2-stop teleportation journey
 12138 | Lair:5   | XOM: summons 13 friendly demons
 12250 | Lair:5   | XOM: noise
 12418 | Lair:5   | XOM: mild Conj miscast
 12660 | Lair:5   | XOM: mild Pois miscast
 12699 | Lair:5   | XOM: destruction
 12916 | Lair:6   | Entered Level 6 of the Lair of Beasts
 12963 | Lair:6   | XOM: polymorph komodo dragon -> swamp dragon
 13145 | Lair:6   | XOM: harmless Ice miscast
 13186 | Lair:6   | XOM: divination: detect creatures
 13189 | Lair:6   | XOM: confuse monster(s)
 13234 | Lair:6   | XOM: divination: detect items
 13326 | Lair:6   | Found a staircase to the Slime Pits.
 13353 | Lair:6   | XOM: enchant monster (good)
 13370 | Lair:6   | XOM: god gift: robe {god gift}
 13391 | Lair:6   | XOM: summons 6 hostile demons
 13708 | Lair:6   | XOM: cast spell 'Cause Fear'
 13847 | Lair:6   | Reached XP level 14. HP: 109/113 MP: 21/21
 13855 | Lair:6   | Noticed a dire elephant
 13855 | Lair:6   | Noticed a dire elephant
 13857 | Lair:6   | Noticed an azure jelly
 13857 | Lair:6   | a dire elephant changed into an azure jelly
 13857 | Lair:6   | XOM: polymorph dire elephant -> azure jelly
 13866 | Lair:6   | Killed a dire elephant
 13873 | Lair:6   | Killed an azure jelly
 13873 | Lair:6   | Reached skill level 18 in Polearms
 13901 | Lair:6   | Noticed a dire elephant
 13914 | Lair:6   | Killed a dire elephant
 13930 | Lair:6   | Noticed a dire elephant
 13931 | Lair:6   | Noticed a dire elephant
 13932 | Lair:6   | XOM: enchant monster (good)
 13940 | Lair:6   | Killed a dire elephant
 13958 | Lair:6   | Killed a dire elephant
 14175 | Lair:6   | XOM: enchant monster (good)
 14237 | Lair:3   | XOM: god gift: potion of might
 14258 | Lair:3   | XOM: noise
 14286 | Lair:1   | XOM: mild Tloc miscast
 14364 | Orc:1    | Entered Level 1 of the Orcish Mines
 14393 | Orc:1    | Found an iron altar of Okawaru.
 14408 | Orc:1    | XOM: summons friendly shadow imp
 14415 | Orc:1    | XOM: confuse monster(s)
 14442 | Orc:1    | XOM: scenery: create altars
 14450 | Orc:1    | Reached skill level 10 in Evocations
 14587 | Orc:1    | Noticed a stone giant
 14604 | Orc:1    | Noticed an acid blob
 14604 | Orc:1    | a stone giant changed into an acid blob
 14604 | Orc:1    | XOM: polymorph stone giant -> acid blob
 14612 | Orc:1    | HP: 4/113 [acid blob/splash of acid (11)]
 14612 | Orc:1    | Splashed by an acid blob's acid

Vault maps used:
D:1:      evilmike_arrival_hilbert_curve
D:2:      nicolae_overflow_hidden_temple, corexii_leaking_fountain, uniq_jessica
D:3:      lemuel_doored_altar, lemuel_round_altar, lemuel_round_altar,
          kennysheep_nondescript
D:4:      first_bread, uniq_duvessa
D:5:      lemuel_blue_sif_altar, enter_ossuary_2, serial_shops, shop,
          portal_sewer_entry_f, uniq_prince_ribbit1, uniq_eustachio
D:6:      kennysheep_mini, serial_undead, serial_undead_b, serial_undead_c,
          serial_undead_d, serial_undead_f, serial_undead_a, serial_undead_a,
          serial_undead_c
D:7:      elyvilon_altar_1, dancing_weapons_uskayaw, grunt_livestock
D:8:      cheibriados_altar_1
D:9:      kennysheep_vampire_church, serial_bayou, serial_bayou_ford_a,
          serial_bayou_lagoon_a, serial_bayou_shore_b, serial_bayou_crossing
D:10:     erik_orc_1
D:11:     lair_entry_dummy, hangedman_decor_slide_cut
Lair:2:   st_stairs_9, grunt_megastairs_3, lemuel_fruit_tree
Lair:3:   swamp_mist, guppyfry_snake_entry_island, infiniplex_staircase_pool
Lair:4:   nicolae_volcano_entry_s_turn, minmay_lair_oklob_chamber
Lair:5:   beast_lair_carwin_large_2, lemuel_fruit_fields
Lair:6:   due_jungle_book, slime_dummy, minivault_26,
          infiniplex_staircase_pool_2
Orc:1:    okawaru_metal_pillars_1_2
Ossuary:  ossuary_crypta
Volcano:  volcano_grotto

Skill      XL: |  1  2  3  4  5  6  7  8  9 10 11 12 13 14 |
---------------+-------------------------------------------+-----
Polearms       | 5 12 13 14 15 16 17 18 | 18.2
Armour         | 1 2 3 4 5 6 7 |  7.9
Dodging        | 8 9 10 11 12 13 14 | 14.7
Evocations     | 1 2 3 4 5 7 8 9 10 | 10.0
Fighting       | 4 5 6 7 8 9 11 | 11.4

Action                   |  1- 3 |  4- 6 |  7- 9 | 10-12 | 13-15 || total
-------------------------+-------+-------+-------+-------+-------++-------
Melee: Spear             |    90 |   170 |   558 |    56 |       ||   874
       Headbutt          |       |       |     7 |   160 |   124 ||   291
       Trident           |       |       |       |   247 |    13 ||   260
       Glaive            |       |       |       |   409 |   467 ||   876
       Tailslap          |       |       |       |       |     3 ||     3
 Abil: Evoke Berserk Rag |       |       |       |     1 |       ||     1
Evoke: Wand              |       |     3 |     3 |     7 |     9 ||    22
  Use: Potion            |     2 |     4 |     9 |     3 |     2 ||    20
       Scroll            |     5 |     4 |     8 |     6 |     2 ||    25
 Stab: Paralysed         |     3 |     4 |    29 |     1 |     2 ||    39
       Sleeping          |     3 |     6 |     4 |       |       ||    13
       Petrifying        |       |     3 |     3 |     2 |       ||     8
       Confused          |       |       |     8 |       |     4 ||    12
       Distracted        |       |       |     1 |     1 |     1 ||     3
  Eat: Chunk             |       |     6 |     7 |    14 |     3 ||    30
       Fruit             |       |       |     1 |       |       ||     1
       Royal jelly       |       |       |     1 |     2 |       ||     3
       Meat ration       |       |       |       |     1 |       ||     1
       Pizza             |       |       |       |       |     3 ||     3
Armor: Leather armour    |     8 |     6 |    54 |       |       ||    68
       Skin              |       |       |     1 |       |       ||     1
       Chain mail        |       |       |       |   292 |   166 ||   458
Dodge: Dodged            |    26 |    41 |   147 |   426 |   262 ||   902
Block: Other             |       |       |       |    21 |    51 ||    72
       Reflection        |       |       |       |       |     1 ||     1
